Map: El Dorado

Players

neakolevik - Winner!

  • Race: Terran Terran
  • Spawn Location: 5:00

Dirtball

  • Race: Protoss Protoss
  • League: Diamond
  • Spawn Location: 7:00

VOD

https://www.youtube.com/watch?v=1NoZje1maw0

Description

Climbing to Diamond using this 4 Rax Rush cheese build order.

It works best versus Protoss but can get through on some Zerg and Terrans who fail to scout as well.

Check out the updated build here: https://lotv.spawningtool.com/build/189968/

Time

  • Played on: Feb. 1, 2025, 12:50 p.m.
  • Length: 5:42
Show
View Real Time Build Order
Export as new Build Order

neakolevik Terran - Winner!

Build Orders:  

Get SALT Encoding   

  12  0:00  SCV  
  13  0:14  Supply Depot  
  13  0:19  SCV  
  14  0:31  SCV  
  15  0:41  Barracks  
  15  0:45  SCV  
  16  0:58  Barracks  
  16  1:01  SCV  
  17  1:15  Barracks  
  17  1:25  SCV  
  18  1:41  Barracks  
  18  1:44  Marine  
  18  1:45  Supply Depot  
  19  1:53  Marine  
  20  1:58  Orbital Command  
  20  2:06  Supply Depot  
  20  2:08  Marine  
  20  2:10  Marine  
  22  2:19  Supply Depot  
  22  2:25  Marine  
  22  2:29  Marine  
  23  2:30  Marine  
  25  2:37  Marine  
  26  2:50  Marine x3  
  29  2:55  Marine  
  30  3:08  Marine x3  
  30  3:12  Bunker  
  33  3:13  Marine  
  33  3:25  Marine  
  33  3:26  Marine x2  
  36  3:31  Marine  
  37  3:34  Bunker  
  37  3:43  Marine x2  
  37  4:00  Marine  
  37  4:01  Marine x3  
  32  4:18  Marine x2  
  32  4:19  Marine x2  
Show
View Real Time Build Order
Export as new Build Order

Dirtball Protoss 

Build Orders: Proxy Void Ray 

Get SALT Encoding   

  12  0:09  Pylon  
  12  0:13  Probe  
  13  0:27  Probe  
  13  0:28  Gateway  
  14  0:36  Probe  
  15  0:45  Assimilator  
  15  0:46  Probe  
  16  0:51  Assimilator  
  16  0:58  Probe  
  17  1:10  Probe  
  18  1:15  Cybernetics Core  
  18  1:22  Probe  
  19  1:30  Pylon  
  19  1:34  Probe  
  20  1:46  Probe  
  21  1:47  Adept  
  21  1:53  Stargate  
  23  2:03  Shield Battery  
  23  2:12  Probe  
  24  2:17  Adept  
  26  2:24  Probe  
  27  2:35  Pylon  
  27  2:38  Void Ray  
  31  2:54  Shield Battery  
  31  3:12  Void Ray  
Tags
 
League
Diamond
Matchup
PvT
Spawn Locations
Close Positions
Add a new tag
Caveats
  • Supply blocks, unpowered buildings, or Contaminate may cause inaccurate times.
  • Supply counts are checked every 10 seconds.